 Dungeon Crawl Stone Soup version 0.31-a0-202-g547052bce9 (webtiles) character file.

Game seed: 10619344640701093053

14 qw the Shooter (level 2, 0/16 HPs)
             Began as a Deep Elf Hunter on June 25, 2023.
             Succumbed to their own poison gas
             ... on level 1 of the Dungeon.
             The game lasted 00:00:12 (692 turns).

qw the Shooter (Deep Elf Hunter)                     Turns: 692, Time: 00:00:12

Health: 0/16       AC:  4    Str:  8    XL:     2   Next: 31%
Magic:  4/4        EV: 12    Int: 13    God:
Gold:   31         SH:  0    Dex: 18    Spells: 1/1 levels left

rFire   . . .        Y - +1 shortbow
rCold   . . .        (shield currently unavailable)
rNeg    . . .        c - +0 leather armour
rPois   .            (no helmet)
rElec   .            g - +0 cloak
rCorr   .            (no gloves)
SInv    .            (no boots)
Will    .....        (no amulet)
Stlth   ++           (no ring)
HPRegen 0.22/turn    (no ring)
MPRegen 0.09/turn

%: no passive effects
@: lethally poisoned (0 -> -9), weak-willed
A: no striking features
a: no special abilities


You were on level 1 of the Dungeon.
You visited 1 branch of the dungeon, and saw 1 of its levels.

You collected 31 gold pieces.


   Skills:
 - Level 1.5 Fighting
 + Level 6.1 Ranged Weapons
 - Level 2.4 Dodging
 - Level 1.2 Stealth


You had one spell level left.
You didn't know any spells.
Your spell library was empty.

Inventory:

Hand Weapons
 Y - a +1 shortbow (weapon)
Armour
 c - a +0 leather armour (worn)
 g - a +0 cloak (worn)

Dungeon Overview and Level Annotations

Branches:
Dungeon (1/15)

Altars:


Message History

684 ||| READING scroll labelled YMIAN MARI.
As you read the scroll labelled YMIAN MARI, it crumbles to dust.
You feel strangely unstable.
It was a scroll of teleportation.
You start waiting.
Your surroundings suddenly seem different.
Enter note:
Enter note:
Enter note: Done exploring.
687 ||| READING scroll labelled XOOMUTEPEI.
The air fills with toxic fumes!
As you read the scroll labelled XOOMUTEPEI, it crumbles to dust.
It was a scroll of poison.
Done exploring.
688 ||| DROPPING scroll of butterflies.
You drop a scroll of butterflies.
Done exploring.
(D) Dungeon
Where to? (* - list waypoints, ? - help)
What level of the Dungeon? (default 1, ? - help) Sorry, I don't know how to get there.
Enter note:
Enter note:
Enter note:
Enter note:
Enter note:
Enter note:
Enter note:
Enter note:
Enter note: Really walk into that cloud of poison gas?
You are engulfed in poison gas.
You are lethally poisoned!
You feel very sick.
690 ||| Stepping ~*~*~tactically~*~*~ (cloud).
You feel very sick.
You see here a scroll of butterflies.
There is a lethal amount of poison in your body!
You feel very sick.
There is a lethal amount of poison in your body!
You die...

#.# ##.................... #.#
#..0¤¤¤¤..###.######## #.#
##..¤¤¤.(..........# #.#
#..¤¤¤.#####.####.# #.# #.#¤¤¤##
#.# #.# #######.# #.##¤## #.#
#.# ........# #.##¤# #.# #.#
######### #.##¤#######.# #.##
#.##@¤¤¤¤¤¤¤.# #..#
#.############ ##.# #.# #.# #.#
#.# #############.#
############.# #.............#
##............#
#.#########.######...#########.#
#.# #............# #.# #.#
##.######...## #.#


There were no monsters in sight!

Vanquished Creatures
  A bat (D:1)
  3 endoplasms (D:1)
  3 goblins (D:1)
  A hobgoblin (D:1)
  A kobold (D:1)
  A ball python (D:1)
  2 rats (D:1)
12 creatures vanquished.

Notes
Turn   | Place    | Note
-------+----------+-------------------------------------------
     0 | D:1      | qw the Deep Elf Hunter began the quest for the Orb.
     0 | D:1      | Reached XP level 1. HP: 12/12 MP: 3/3
     0 | D:1      | 0 ||| qw: Version: 0.3-a-22-g0ed2b0b
     0 | D:1      | 0 ||| qw: Game counter: 5729
     0 | D:1      | 0 ||| qw: Melee chars always use a shield: true
     0 | D:1      | 0 ||| qw: God list: Okawaru
     0 | D:1      | 0 ||| qw: Allow faded altars: false
     0 | D:1      | 0 ||| qw: Do Orc after clearing Dungeon:15 true
     0 | D:1      | 0 ||| qw: Do second Lair branch before Depths: true
     0 | D:1      | 0 ||| qw: Lair rune preference: random
     0 | D:1      | 0 ||| qw: Goals: Normal
     0 | D:1      | 0 ||| PLANNING D:1-11
   217 | D:1      | Reached XP level 2. HP: 16/16 MP: 4/4
   238 | D:1      | Reached skill level 6 in Ranged Weapons
   676 | D:1      | 676 ||| UPGRADING to +0 cloak.
   681 | D:1      | 681 ||| READING scroll labelled PEDDIO ELIO.
   682 | D:1      | 682 ||| READING scroll labelled OBREFA INOOPSA.
   683 | D:1      | 683 ||| READING scroll labelled COOCSU GATONTU.
   684 | D:1      | 684 ||| READING scroll labelled YMIAN MARI.
   687 | D:1      | 687 ||| READING scroll labelled XOOMUTEPEI.
   688 | D:1      | 688 ||| DROPPING scroll of butterflies.
   690 | D:1      | 690 ||| Stepping ~*~*~tactically~*~*~ (cloud).
   691 | D:1      | HP: 2/16 [poisoned by you (poison gas)]
   692 | D:1      | Succumbed to their own poison gas

Levels and vault maps discovered:
D:1:      evilmike_arrival_crescent, layout_loops_ring, amcnicky_mini_pool_small

Skill      XL: |  1  2 |
---------------+-------+-----
Ranged Weapons | 6 |  6.1
Fighting       | |  1.5
Dodging        | |  2.4
Stealth        | |  1.2

Action                     || total
---------------------------++-------
   Fire: Shortbow          ||    35
    Use: Scroll            ||     5
 Armour: Leather armour    ||     5
  Dodge: Dodged            ||    15

Table legend:
 A = Non-vault XP
 B = Vault XP
 C = Vault XP percentage of total XP
 D = Non-vault monster count
 E = Vault monster count
 F = Vault count percentage of total count
                 A         B        C        D         E       F
            +---------+---------+-------+---------+---------+-------
      Total |      21 |       0 |   0.0 |      12 |       0 |   0.0
            +---------+---------+-------+---------+---------+-------
        D:1 |      21 |       0 |   0.0 |      12 |       0 |   0.0
            +---------+---------+-------+---------+---------+-------
